 Dungeon Crawl Stone Soup version 0.22-a0-833-g8522bf8125 (webtiles) character file.

2699 Htamos the Fighter (level 9, -1/81 HPs)
             Began as a Merfolk Fighter on July 25, 2018.
             Was a Follower of Nemelex Xobeh.
             Slain by a two-headed ogre
             ... wielding a +0 giant club
              (12 damage)
             ... on level 8 of the Dungeon.
             The game lasted 00:11:29 (6626 turns).

Htamos the Fighter (Merfolk Fighter)                Turns: 6626, Time: 00:11:30

Health: -1/81      AC: 15    Str: 20    XL:     9   Next: 65%
Magic:  12/12      EV: 10    Int: 17    God:    Nemelex Xobeh [*.....]
Gold:   394        SH:  0    Dex: 15    Spells: 8/8 levels left

rFire    . . .     SeeInvis .   s - +2 trident (freeze)
rCold    + + +     Gourm    .   (no shield)
rNeg     . . .     Faith    .   o - +1 ring mail {rPois}
rPois    +         Spirit   .   k - +2 helmet
rElec    .         Reflect  .   L - +0 cloak
rCorr    .         Harm     .   v - +1 pair of gloves
MR       .....                  (no boots)
Stlth    +.........             t - amulet of regeneration
HPRegen  0.63/turn              B - ring "Yvvuluke" {rC+++ AC+3 Str-2 Int+9 Slay-2}
MPRegen  0.13/turn              (no ring)

@: mighty
A: change form in water, swift swim, stealthy swim
a: Renounce Religion


You were on level 8 of the Dungeon.
You worshipped Nemelex Xobeh.
Nemelex Xobeh was aware of your devotion.
You were not hungry.

You visited 2 branches of the dungeon, and saw 9 of its levels.

You collected 394 gold pieces.

Inventory:

Hand Weapons
 a - a +0 trident
 s - a +2 trident of freezing (weapon)
 y - a +0 halberd of protection
Armour
 b - a +0 scale mail
 c - a +0 shield
 k - a +2 helmet (worn)
 l - a +0 leather armour of poison resistance
 o - a +1 ring mail of poison resistance (worn)
 v - a +1 pair of gloves (worn)
 D - a +0 chain mail
 L - a +0 cloak (worn)
Jewellery
 j - a -2 ring of evasion
 p - an uncursed ring of poison resistance
 t - an amulet of regeneration (around neck)
 B - the ring "Yvvuluke" (left hand) {rC+++ AC+3 Str-2 Int+9 Slay-2}
   (You found it on level 5 of the Dungeon)

   [ring of protection]

   It affects your AC (+3).
   It affects your strength (-2).
   It affects your intelligence (+9).
   It affects your accuracy and damage with ranged weapons and melee attacks
   (-2).
   It renders you almost immune to cold.
 F - an uncursed amulet of guardian spirit
Wands
 n - a wand of digging (7)
 u - a wand of clouds (4)
 I - a wand of enslavement (8)
Scrolls
 g - 4 scrolls of blinking
 h - 5 scrolls of identify
 m - a scroll of amnesia
 r - 2 scrolls of remove curse
 w - a scroll of teleportation {unknown}
 x - 2 scrolls of fear {unknown}
 z - 2 scrolls of immolation {unknown}
 A - a scroll of magic mapping {unknown}
 G - 2 scrolls of enchant weapon {unknown}
 J - a scroll of fog
 K - 3 scrolls of holy word {unknown}
Potions
 d - 2 potions of might
 e - 2 potions of brilliance {unknown}
 q - 3 potions of flight {unknown}
 E - 2 potions of curing {unknown}
 H - 2 potions of mutation {unknown}
Miscellaneous
 C - a plain deck of summoning
Comestibles
 f - 16 rations
 i - 6 chunks of flesh


   Skills:
 * Level 11.2 Fighting
 + Level 10.3 Polearms
 - Level 2.1 Armour
 - Level 3.0 Shields
 + Level 4.4 Invocations


You had 8 spell levels left.
You didn't know any spells.
Your spell library contained the following spells:

 Spells                   Type           Power        Failure   Level  Hunger
 Apportation              Tloc           #.....       36%         1    ##.....
 Summon Small Mammal      Summ           #...         36%         1    ##.....
 Animate Skeleton         Necr           N/A          36%         1    ##.....
 Confusing Touch          Hex            #.....       36%         1    ##.....


Dungeon Overview and Level Annotations

Branches:
Dungeon (8/15)             Temple (1/1) D:6
   Lair: D:8-11

Altars:
Cheibriados
Dithmenos
Elyvilon
Fedhas
Gozag
Hepliaklqana
Kikubaaqudgha
Makhleb
Nemelex Xobeh
Okawaru
Qazlal
Sif Muna
Trog
Uskayaw
Vehumet
Wu Jian
Xom
Yredelemnul
The Shining One


Message History

You feel very mighty all of a sudden.
The crimson imp blinks!
An adder comes into view.
The two-headed ogre hits you but does no damage.
The two-headed ogre barely misses you.
A leopard gecko comes into view.
The adder hisses angrily.
You puncture the two-headed ogre! You freeze the two-headed ogre.
The two-headed ogre is almost dead.
The crimson imp blinks!
The hippogriff bites you but does no damage.
The hippogriff barely misses you.
The hippogriff claws you but does no damage.
You hit the two-headed ogre. You freeze the two-headed ogre.
The two-headed ogre is almost dead.
The two-headed ogre hits you with a giant club!!
* * * LOW HITPOINT WARNING * * *
The two-headed ogre hits you with a giant spiked club!
You die...
Your body disappears without a glow.

#..# #..# .. ######..##
####.. #.. .... ......
#.# #..####.#.... ##.##
#..##..$.....
#.####...###..##5.......
#.....<#..(...##H..S....
######...####..@..##....
#..## ####O## # #.## .l#
#.# ...# #.# ....ยง #.#
..o..# #.# #.....#
#.###.#


You could see a two-headed ogre, a hippogriff, a crimson imp, an adder and a
leopard gecko.

Vanquished Creatures
  4 hogs (D:7)
  A human (D:7)
  An ice beast (D:7)
  A sky beast (D:6)
  An orc warrior (D:5)
  3 ogres
  2 centaurs
  Blork the orc (D:4)
  3 bullfrogs (D:7)
  A water moccasin skeleton (D:7)
  2 howler monkeys
  3 wights (D:7)
  2 crimson imps (D:6)
  A centaur zombie (D:7)
  3 hounds
  3 orc priests
  2 iguanas
  3 orc wizards
  5 worker ants
  4 hound skeletons
  9 adders
  A shadow imp (D:7)
  3 oozes
  An adder skeleton (D:6)
  2 adder zombies (D:5)
  A worm (D:3)
  4 dart slugs
  6 leopard geckos
  16 orcs
  A ball python (D:3)
  13 bats
  5 giant cockroaches
  6 goblins
  10 hobgoblins
  8 jackals
  3 frilled lizards
  2 gnoll zombies (D:4)
  8 kobolds
  A leopard gecko skeleton (D:4)
  A quokka skeleton (D:5)
  9 rats
156 creatures vanquished.

Notes
Turn   | Place    | Note
-------+----------+-------------------------------------------
     0 | D:1      | Htamos the Merfolk Fighter began the quest for the Orb.
     0 | D:1      | Reached XP level 1. HP: 18/18 MP: 1/1
    57 | D:1      | Reached XP level 2. HP: 20/25 MP: 2/2
   263 | D:1      | Reached skill level 4 in Fighting
   788 | D:2      | Reached XP level 3. HP: 28/30 MP: 3/3
  1181 | D:2      | Reached XP level 4. HP: 38/38 MP: 4/4
  1313 | D:2      | Found a white marble altar of Elyvilon.
  1489 | D:3      | Reached skill level 5 in Fighting
  1630 | D:3      | Reached XP level 5. HP: 26/44 MP: 5/5
  1769 | D:3      | Reached skill level 5 in Polearms
  1994 | D:3      | Reached skill level 6 in Fighting
  2115 | D:3      | Found an ancient bone altar of Kikubaaqudgha.
  2171 | D:3      | Found a deep blue altar of Sif Muna.
  2284 | D:4      | Reached XP level 6. HP: 52/52 MP: 6/6
  2385 | D:4      | Found a basalt altar of Yredelemnul.
  2474 | D:4      | Found a sand-covered staircase.
  2568 | D:4      | Found a shadowy altar of Dithmenos.
  2895 | D:4      | Noticed Blork the orc
  2919 | D:4      | Killed Blork the orc
  3244 | D:5      | Entered Level 5 of the Dungeon
  3396 | D:5      | Reached skill level 7 in Fighting
  3431 | D:5      | Reached XP level 7. HP: 57/60 MP: 7/7
  3617 | D:5      | Got a slimy ivory ring
  3782 | D:5      | Found an opulent altar of Gozag.
  3845 | D:5      | Found a burning altar of Makhleb.
  3845 | D:5      | Noticed a green death
  4288 | D:5      | Reached skill level 8 in Fighting
  4632 | D:6      | Reached XP level 8. HP: 49/69 MP: 8/8
  4782 | D:6      | Found a staircase to the Ecumenical Temple.
  4793 | Temple   | Entered the Ecumenical Temple
  4819 | Temple   | Became a worshipper of Nemelex Xobeh the Trickster
  4826 | D:6      | Identified the ring "Yvvuluke" {rC+++ AC+3 Str-2 Int+9 Slay-2} (You found it on level 5 of the Dungeon)
  4885 | D:6      | Received a gift from Nemelex Xobeh
  4996 | D:6      | Reached skill level 9 in Fighting
  5340 | D:6      | Found an iron altar of Okawaru.
  5385 | D:6      | Found a snail-covered altar of Cheibriados.
  5703 | D:7      | Reached skill level 1 in Invocations
  5729 | D:7      | Found a glowing golden altar of the Shining One.
  5848 | D:7      | Reached skill level 10 in Fighting
  5871 | D:7      | Reached XP level 9. HP: 78/78 MP: 10/10
  6240 | D:7      | Found an ornate altar of the Wu Jian Council.
  6400 | D:7      | Reached * piety under Nemelex Xobeh
  6446 | D:7      | Reached skill level 10 in Polearms
  6456 | D:7      | Reached skill level 11 in Fighting
  6616 | D:8      | Noticed a two-headed ogre
  6626 | D:8      | Slain by a two-headed ogre

Vault maps used:
D:1:      matt_arrival_refuge
D:2:      first_ration, elyvilon_altar_3
D:3:      lemuel_coloured_pillars_altar, marbit_many_paths, serial_glass,
          glass_columns_c, glass_columns_c, glass_columns_c, glass_columns_b
D:4:      lemuel_zombie_altar_yredelemnul, nicolae_dithmenos_the_darkroom,
          serial_glass, glass_columns_a, glass_columns_a, glass_columns_a,
          glass_columns_c, glass_columns_a, nicolae_ossuary_entry_plus,
          uniq_blork_the_orc
D:5:      makhleb_altar_promises_db,
          nicolae_gozag_cash_rules_everything_around_me, minmay_fountain_box
D:6:      kennysheep_mini, minmay_temple_entry_large_hall, cheibriados_altar_1
D:7:      tso_oasis_becter, basic_altar, grunt_livestock
D:8:      gammafunk_ghost_cemetery, special_room
Temple:   minmay_freezing_vapour_temple

Skill      XL: |  1  2  3  4  5  6  7  8  9 |
---------------+----------------------------+-----
Fighting       | 4 5 6 7 8 10 11 | 11.2
Polearms       | 4 5 6 7 9 10 | 10.3
Invocations    | 2 4 |  4.4
Armour         | |  2.1
Shields        | |  3.0

Action                   |  1- 3 |  4- 6 |  7- 9 || total
-------------------------+-------+-------+-------++-------
Melee: Trident           |   124 |   249 |   118 ||   491
       Halberd           |       |    25 |   182 ||   207
  Use: Potion            |     1 |     1 |     2 ||     4
       Scroll            |       |       |     7 ||     7
  Eat: Chunk             |     1 |     8 |    10 ||    19
Armor: Scale mail        |   106 |     6 |       ||   112
       Leather armour    |       |    19 |       ||    19
       Ring mail         |       |    69 |   126 ||   195
Dodge: Dodged            |    57 |    65 |   116 ||   238
Block: Shield            |    74 |   102 |       ||   176

Table legend:
 A = Spawn XP
 B = Non-spawn XP
 C = Spawn XP percentage of total XP
 D = Spawn monster count
 E = Non-spawn monster count
 F = Spawn count percentage of total count
 G = Total turns spent on level
                    A         B        C        D         E        F      G
               +---------+---------+-------+---------+---------+-------+---------
         Total |       0 |    3857 |   0.0 |       0 |     156 |   0.0 |  6626
               +---------+---------+-------+---------+---------+-------+---------
           D:1 |       0 |      29 |   0.0 |       0 |      18 |   0.0 |   755
           D:2 |       0 |      73 |   0.0 |       0 |      30 |   0.0 |   683
           D:3 |       0 |     201 |   0.0 |       0 |      31 |   0.0 |   818
           D:4 |       0 |     248 |   0.0 |       0 |      21 |   0.0 |   988
           D:5 |       0 |     405 |   0.0 |       0 |      16 |   0.0 |  1150
           D:6 |       0 |     658 |   0.0 |       0 |      13 |   0.0 |  1199
           D:7 |       0 |    2201 |   0.0 |       0 |      26 |   0.0 |   965
           D:8 |       0 |      42 |   0.0 |       0 |       1 |   0.0 |    36
               +---------+---------+-------+---------+---------+-------+---------
